 Dungeon Crawl Stone Soup version 0.31.0-9-g3a7656b989 (webtiles) character file.

Game seed: 1360347838453835776

222 qw the Skirmisher (level 5, 0/30 HPs)
             Began as a Deep Elf Hunter on Feb 2, 2024.
             Slain by Sigmund
             ... wielding a +3 scythe
              (8 damage)
             ... on level 3 of the Dungeon.
             The game lasted 00:00:08 (2005 turns).

qw the Skirmisher (Deep Elf Hunter)                 Turns: 2005, Time: 00:00:09

Health: 0/30       AC:  5    Str: 10    XL:     5   Next: 66%
Magic:  7/7        EV: 11    Int: 14    God:
Gold:   187        SH:  0    Dex: 18    Spells: 4/4 levels left

rFire   . . .        a - +0 shortbow (drain)
rCold   . . .        (shield currently unavailable)
rNeg    . . .        d - +0 ring mail
rPois   .            (no helmet)
rElec   .            (no cloak)
rCorr   .            (no gloves)
SInv    .            (no boots)
Will    .....        (no amulet)
Stlth   +            (no ring)
HPRegen 0.25/turn    (no ring)
MPRegen 0.10/turn

%: no passive effects
@: no status effects
A: no striking features
a: no special abilities


You were on level 3 of the Dungeon.
You visited 1 branch of the dungeon, and saw 3 of its levels.

You collected 187 gold pieces.


   Skills:
 - Level 2.0 Fighting
 + Level 9.0 Ranged Weapons
 - Level 2.4 Dodging
 - Level 1.2 Stealth


You had 4 spell levels left.
You didn't know any spells.
Your spell library was empty.

Inventory:

Hand Weapons
 a - a +0 shortbow of draining (weapon)
Armour
 b - a +3 leather armour of poison resistance
 d - a +0 ring mail (worn)
 h - the +1 Delatra's gloves {ID++}
   (You found it on level 3 of the Dungeon)

   ID++:      It heals its wearer when they drink unknown potions, and restores
   their MP when they read unknown scrolls.
Wands
 f - a wand of charming (12)
Scrolls
 c - a scroll of enchant armour {unknown}
 e - 2 scrolls of identify
 i - a scroll of fear {unknown}
Potions
 g - a potion of heal wounds

Dungeon Overview and Level Annotations

Branches:
Dungeon (3/15)

Altars:
Xom

Annotations:
D:3 1 runed translucent door, Crazy Yiuf, Sigmund


Message History

Enter note:
Enter note:
Enter note:
Enter note:
1998 ||| RETREEEEATING.
Sigmund barely misses you.
You shoot an arrow.
The arrow hits Sigmund but does no damage.
You drain Sigmund.
Sigmund is moderately wounded.
Terence bares his teeth.
You shoot an arrow.
The arrow hits Terence but does no damage.
You drain Terence.
Terence is lightly wounded.
Sigmund barely misses you.
You shoot an arrow.
The arrow hits Terence but does no damage.
You drain Terence.
Terence is moderately wounded.
Terence hits you but does no damage. Sigmund barely misses you.
Terence closely misses you.
You shoot an arrow. The arrow hits Terence.
You drain Terence.
Terence is severely wounded.
Terence hits you with a +0 flail!
You shoot an arrow. The arrow hits Terence.
Terence is almost dead.
Sigmund says, "You will soon forget everything."
Sigmund closely misses you. Terence shouts, "Now you die!"
Terence hits you with a +0 flail.
You shoot an arrow. The arrow hits Terence!
You kill Terence!
Sigmund hits you from afar with a +3 scythe!
Your Fighting skill increases to level 2!
You shoot an arrow. The arrow hits Sigmund.
Sigmund is heavily wounded.
Sigmund hits you from afar with a +3 scythe!
You die...
Sigmund begins carving another notch in his scythe.

#.....#~#. .....
..#
#.###.#~#.###..#
#.# #...# ~#.
..## #.#
###.###~###.<#
#.#
####.........
............. #
#############
.## ####...#
#.@)@# #.##...#
#.# .## #.# #
#.### #.#..
#.#.# #.#.#
#.#.#


You could see Sigmund (very drained).

Vanquished Creatures
  A howler monkey (D:3)
  Ijyb (D:3)
  An iguana (D:3)
  An orc wizard (D:3)
  Terence (D:3)
  2 adders
  A ribbon worm (D:2)
  A dart slug (D:1)
  8 orcs
  4 ball pythons
  4 bats
  5 endoplasms
  2 giant cockroaches
  3 goblins
  3 hobgoblins (D:1)
  5 jackals
  3 kobolds
  A quokka (D:1)
  4 frilled lizards
  6 rats
57 creatures vanquished.

Notes
Turn   | Place    | Note
-------+----------+-------------------------------------------
     0 | D:1      | qw the Deep Elf Hunter began the quest for the Orb.
     0 | D:1      | Reached XP level 1. HP: 12/12 MP: 3/3
     0 | D:1      | 0 ||| qw: Version: 0.3-a-155-g5e7d8dd
     0 | D:1      | 0 ||| qw: Game counter: 1371
     0 | D:1      | 0 ||| qw: Melee chars always use a shield: true
     0 | D:1      | 0 ||| qw: God list: Okawaru
     0 | D:1      | 0 ||| qw: Allow faded altars: false
     0 | D:1      | 0 ||| qw: Do Orc after clearing Dungeon:15 true
     0 | D:1      | 0 ||| qw: Do second Lair branch before Depths: true
     0 | D:1      | 0 ||| qw: Lair rune preference: random
     0 | D:1      | 0 ||| qw: Goals: Normal
     0 | D:1      | 0 ||| PLANNING D:1-11
   101 | D:1      | Found a faded altar of an unknown god.
   110 | D:1      | Reached XP level 2. HP: 15/16 MP: 4/4
   114 | D:1      | Reached skill level 6 in Ranged Weapons
   820 | D:1      | 820 ||| UPGRADING to +0 ring mail.
   830 | D:1      | 830 ||| DROPPING +0 leather armour.
   831 | D:1      | 831 ||| READING 2 scrolls labelled RIUHOEVVOIRPH.
   831 | D:1      | 831 ||| IDENTIFYING glowing silvery potion
   832 | D:1      | 832 ||| READING scroll of identify.
   832 | D:1      | 832 ||| IDENTIFYING murky orange potion
   833 | D:1      | 833 ||| READING scroll labelled AWEIVOSIGE.
   834 | D:1      | 834 ||| READING scroll labelled YJITAH SIGIS.
   834 | D:1      | 834 ||| BRANDING +0 shortbow.
   835 | D:1      | 835 ||| DROPPING scroll of butterflies.
   836 | D:1      | 836 ||| DROPPING potion of degeneration.
   944 | D:2      | Reached XP level 3. HP: 20/20 MP: 5/5
  1005 | D:2      | Reached skill level 7 in Ranged Weapons
  1167 | D:2      | Found a shimmering altar of Xom.
  1317 | D:2      | 1317 ||| READING scroll labelled CIYTRI REGOPT.
  1320 | D:2      | 1320 ||| READING scroll labelled TUXUDO QOFRI.
  1321 | D:2      | 1321 ||| READING scroll labelled YPTUSUENAY.
  1322 | D:2      | 1322 ||| READING scroll labelled ESMA BOMMIUWOA.
  1355 | D:3      | Reached XP level 4. HP: 25/25 MP: 6/6
  1437 | D:3      | Found a runed translucent door.
  1438 | D:3      | Noticed Crazy Yiuf
  1512 | D:3      | 1512 ||| READING scroll of brand weapon.
  1512 | D:3      | 1512 ||| BRANDING +0 shortbow of flaming.
  1688 | D:3      | Noticed Ijyb
  1694 | D:3      | 1694 ||| DRINKING sedimented cyan potion.
  1718 | D:3      | Killed Ijyb
  1719 | D:3      | Reached skill level 8 in Ranged Weapons
  1785 | D:3      | Reached XP level 5. HP: 29/29 MP: 7/7
  1830 | D:3      | Reached skill level 9 in Ranged Weapons
  1839 | D:3      | Found the +1 Delatra's gloves {ID++}
  1994 | D:3      | Noticed Sigmund
  1995 | D:3      | Noticed Terence
  1996 | D:3      | 1996 ||| RETREEEEATING.
  1998 | D:3      | 1998 ||| RETREEEEATING.
  2004 | D:3      | Killed Terence
  2005 | D:3      | Slain by Sigmund

Levels and vault maps discovered:
D:1:      psy_arrival_fountain, layout_loops_corners,
          hellmonk_ecumenical_altar_dog_temple
D:2:      minmay_alternating_diamond, layout_rooms, basic_altar,
          kennysheep_flooded_box
D:3:      layout_loops_ring, grunt_decor_cap, pf_guarded_unrand_delatra,
          uniq_ijyb, uniq_sigmund, uniq_crazy_yiuf_cottage, uniq_terence

Skill      XL: |  1  2  3  4  5 |
---------------+----------------+-----
Ranged Weapons | 6 7 8 9 |  9.0
Fighting       | 2 |  2.0
Dodging        | |  2.4
Stealth        | |  1.2

Action                     |  1- 3 |  4- 6 || total
---------------------------+-------+-------++-------
   Fire: Shortbow          |   103 |    60 ||   163
    Use: Scroll            |     8 |     1 ||     9
         Potion            |       |     1 ||     1
 Armour: Leather armour    |     9 |       ||     9
         Ring mail         |     6 |    30 ||    36
  Dodge: Dodged            |    17 |    23 ||    40

Table legend:
 A = Non-vault XP
 B = Vault XP
 C = Vault XP percentage of total XP
 D = Non-vault monster count
 E = Vault monster count
 F = Vault count percentage of total count
                 A         B        C        D         E       F
            +---------+---------+-------+---------+---------+-------
      Total |     175 |     143 |  45.0 |      41 |      16 |  28.1
            +---------+---------+-------+---------+---------+-------
        D:1 |      27 |       8 |  22.9 |      15 |       4 |  21.1
        D:2 |      29 |      20 |  40.8 |      14 |       5 |  26.3
        D:3 |     119 |     115 |  49.1 |      12 |       7 |  36.8
            +---------+---------+-------+---------+---------+-------
